 Dungeon Crawl Stone Soup version 0.26.1-11-gd32895ea62 (webtiles) character file.

Game seed: 13852456825145030355

1669 Zeld the Cleaver (level 8, -2/68 HPs)
             Began as a Deep Dwarf Fighter on June 2, 2021.
             Was an Initiate of Makhleb.
             Slain by a wight
             ... wielding a +0 battleaxe
              (8 damage)
             ... on level 7 of the Dungeon.
             The game lasted 00:05:55 (4313 turns).

Zeld the Cleaver (Deep Dwarf Fighter)               Turns: 4313, Time: 00:05:56

Health: -2/68      AC:  8    Str: 21    XL:     8   Next: 69%
Magic:  0/0        EV:  7    Int: 10    God:    Makhleb [......]
Gold:   281        SH:  9    Dex: 12    Spells: 7/7 levels left

rFire    . . .     SeeInvis .   a - +0 war axe
rCold    . . .     Faith    .   c - +0 kite shield
rNeg     . . .     Spirit   .   b - +0 scale mail
rPois    .         Reflect  .   D - +0 helmet
rElec    .         Harm     .   p - -2 cloak (curse)
rCorr    .         Rampage  .   q - +0 pair of gloves
Will     +....                  (no boots)
Stlth    ..........             (no amulet)
HPRegen  0.00/turn              (no ring)
MPRegen  0.07/turn              (no ring)

@: non-regenerating
A: damage resistance, heal wounds, sense surroundings 1, no regeneration
a: Heal Wounds, Renounce Religion


You were on level 7 of the Dungeon.
You worshipped Makhleb.
Makhleb was noncommittal.
You visited 2 branches of the dungeon, and saw 8 of its levels.

You collected 281 gold pieces.

Inventory:

Hand Weapons
 a - a +0 war axe (weapon)
Armour
 b - a +0 scale mail (worn)
 c - a +0 kite shield (worn)
 p - a cursed -2 cloak (worn)
 q - a +0 pair of gloves (worn)
 D - a +0 helmet (worn)
 E - a +0 plate armour
Jewellery
 h - an uncursed ring of willpower {unknown}
 x - a cursed ring of teleportation {unknown}
 C - the amulet "Gabbash" {Regen+ Int+2, unknown}
   (You found it on level 6 of the Dungeon)

   [amulet of regeneration]

   It affects your intelligence (+2).
   It increases your rate of regeneration.
Wands
 w - a wand of iceblast (9)
Scrolls
 e - 2 scrolls of amnesia {unknown}
 f - 3 scrolls of identify {unknown}
 g - 2 scrolls of magic mapping {unknown}
 j - 5 scrolls of teleportation {unknown}
 n - a scroll of fear {unknown}
 o - 2 scrolls of remove curse {unknown}
 s - 2 scrolls of enchant armour {unknown}
 u - 2 scrolls of blinking {unknown}
 y - a scroll of immolation {unknown}
 B - a scroll of fog {unknown}
Potions
 d - 2 potions of might
 i - a potion of curing {unknown}
 k - 2 potions of cancellation {unknown}
 l - 2 potions of heal wounds {unknown}
 m - a potion of mutation {unknown}
 r - a potion of magic {unknown}
 t - 2 potions of berserk rage {unknown}
 v - a potion of brilliance {unknown}
 z - a potion of invisibility {unknown}
 A - a potion of lignification {unknown}


   Skills:
 - Level 2.6 Fighting
 * Level 12.0 Axes
 - Level 3.2 Armour
 - Level 3.2 Shields


You had 7 spell levels left.
You didn't know any spells.
Your spell library was empty.

Dungeon Overview and Level Annotations

Branches:
Dungeon (7/15)             Temple (1/1) D:6

Altars:
Ashenzari
Cheibriados
Elyvilon
Gozag
Hepliaklqana
Kikubaaqudgha
Makhleb
Nemelex Xobeh
Okawaru
Qazlal
Ru
Sif Muna
Vehumet
Wu Jian
Xom
The Shining One

Annotations:
D:4 2 transporters, Romesagentofchaos's ghost, amateur SpBr


Innate Abilities, Weirdness & Mutations

You are resistant to damage.
You can heal yourself by infusing magical energy.
You passively map a small area around you.
You do not regenerate.


Message History

You destroy the wight!
Makhleb accepts your kill.
You slash the wight! You hit the wight but do no damage.
The wight hits you with a +4 dagger of freezing.
* * * LOW HITPOINT WARNING * * *
The wight freezes you.
Unknown command.
You closely miss the wight.
The wight is almost destroyed.
You slash the wight!
You destroy the wight!
Makhleb accepts your kill. You block the wight's attack.
Your Axes skill increases to level 12!
Unknown command.
Unknown command.
You closely miss the wight.
The wight is almost destroyed.
The wight hits you with a +0 battleaxe!
You die...

#. ........##...,,
####.. #.>........ ,
* ...... *#......# ,
#....####....##.#. ,
#.......zz........,
, *
,,#.......#..###.###
#......###)###.##
.........##z[#...#..
,,
.........)@<(.......
,
......##.)).........
, ......
##........... ,
....#...............
, , ,
....................
*.#.
................ , ,
* ................ >
................ ,
#..............z ,


You could see a wight.

Vanquished Creatures
  An ice beast (D:6)
  An orc warrior (D:5)
  2 black bears
  A big kobold (D:5)
  A scorpion (D:2)
  4 wights (D:7)
  A centaur zombie (D:5)
  2 bullfrog zombies (D:4)
  2 hounds
  A jelly (D:6)
  A bullfrog skeleton (D:6)
  5 orc priests
  6 orc wizards
  2 iguanas
  Natasha (twice) (D:2)
  4 worker ants
  A hound skeleton (D:4)
  4 worker ant zombies (D:4)
  A howler monkey skeleton (D:4)
  8 adders
  A white imp (D:5)
  2 oozes
  2 adder skeletons
  An adder zombie (D:4)
  4 worms
  3 dart slugs (D:3)
  A leopard gecko (D:6)
  13 orcs
  13 bats
  A giant cockroach (D:2)
  5 goblins
  5 hobgoblins
  8 jackals
  6 quokkas
  A ball python (D:3)
  9 frilled lizards
  A giant cockroach zombie (D:4)
  2 jackal skeletons
  3 jackal zombies (D:4)
  12 kobolds
  A leopard gecko skeleton (D:5)
  3 leopard gecko zombies
  A quokka zombie (D:6)
  29 rats
177 creatures vanquished.

Notes
Turn   | Place    | Note
-------+----------+-------------------------------------------
     0 | D:1      | Zeld the Deep Dwarf Fighter began the quest for the Orb.
     0 | D:1      | Reached XP level 1. HP: 20/20 MP: 1/1
    92 | D:1      | Reached skill level 3 in Axes
    93 | D:1      | Reached XP level 2. HP: 25/27 MP: 2/2
   747 | D:2      | Noticed Natasha
   757 | D:2      | Killed Natasha
   758 | D:2      | Reached skill level 4 in Axes
   758 | D:2      | Reached XP level 3. HP: 11/33 MP: 3/3
   795 | D:2      | Noticed Natasha
   817 | D:2      | Killed Natasha
   818 | D:2      | Reached XP level 4. HP: 32/40 MP: 3/3
   882 | D:2      | Reached skill level 5 in Axes
   970 | D:2      | Reached XP level 5. HP: 24/46 MP: 4/4
   989 | D:2      | Reached skill level 6 in Axes
  1524 | D:3      | Found a snail-covered altar of Cheibriados.
  2137 | D:4      | Reached skill level 7 in Axes
  2137 | D:4      | Reached XP level 6. HP: 37/55 MP: 4/4
  2165 | D:4      | Found a transporter.
  2165 | D:4      | Noticed Romesagentofchaos's ghost (amateur SpBr)
  2179 | D:4      | Found a white marble altar of Elyvilon.
  2354 | D:4      | Reached skill level 8 in Axes
  2494 | D:4      | Found a transporter.
  2701 | D:5      | Entered Level 5 of the Dungeon
  2714 | D:5      | Reached XP level 7. HP: 37/61 MP: 4/4
  2915 | D:5      | Found an ancient bone altar of Kikubaaqudgha.
  2916 | D:5      | Found a radiant altar of Vehumet.
  2917 | D:5      | Found a hazy altar of Hepliaklqana.
  2953 | D:5      | Reached skill level 9 in Axes
  3027 | D:5      | Found an iron altar of Okawaru.
  3087 | D:5      | Reached skill level 10 in Axes
  3481 | D:6      | Found a staircase to the Ecumenical Temple.
  3494 | Temple   | Entered the Ecumenical Temple
  3501 | Temple   | Reached XP level 8. HP: 40/68 MP: 2/2
  3512 | Temple   | Became a worshipper of Makhleb the Destroyer
  3681 | D:6      | Got a heavily runed amethyst amulet
  4141 | D:6      | Reached skill level 11 in Axes
  4313 | D:7      | Reached skill level 12 in Axes
  4313 | D:7      | Slain by a wight

Illustrated notes

Levels and vault maps discovered:
D:1:      dpeg_arrival_boxorama, layout_basic
D:2:      layout_loops_ring, uniq_natasha
D:3:      layout_loops_cross, kennysheep_slug_shrine, minmay_rat_hole
D:4:      layout_rooms, elyvilon_altar_1, gammafunk_ghost_arena, serial_undead,
          serial_undead_a, serial_undead_a, serial_undead_a, serial_undead_d,
          serial_undead_a, serial_undead_d
D:5:      layout_basic, okawaru_trees_2,
          chequers_temple_overflow_statue_of_worship,
          chequers_serial_rivers_micro_b
D:6:      layout_loops_ring, minmay_temple_entry_ruins
D:7:      layout_cave_pools, trog_ov_bears_minmay, yredelemnul_altar_generic
Temple:   eino_temple_lava

Skill      XL: |  1  2  3  4  5  6  7  8 |
---------------+-------------------------+-----
Axes           | 3 4 5 7 8 10 12 | 12.0
Fighting       | |  2.6
Armour         | |  3.2
Shields        | |  3.2

Action                   |  1- 3 |  4- 6 |  7- 9 || total
-------------------------+-------+-------+-------++-------
Melee: War axe           |    77 |   267 |   225 ||   569
 Abil: Heal Wounds       |     1 |     2 |    16 ||    19
Armor: Scale mail        |    48 |   105 |    82 ||   235
Dodge: Dodged            |    27 |    90 |    58 ||   175
Block: Kite shield       |    45 |   115 |   123 ||   283
